 Dungeon Crawl Stone Soup version 0.31-a0-229-g1fc7ce9 (webtiles) character file.

Game seed: 8975240835664569231

6854 Dawnplanks the Zephyrmancer (level 11, -18/59 HPs)
             Began as a Tengu Air Elementalist on July 6, 2023.
             Was an Initiate of Vehumet.
             Demolished by Gastronok (36 damage)
             ... on level 8 of the Dungeon.
             The game lasted 00:22:42 (11503 turns).

Dawnplanks the Zephyrmancer (TeAE)                 Turns: 11503, Time: 00:22:42

Health: -18/59     AC:  3    Str: 10    XL:     11   Next: 6%
Magic:  12/26      EV: 25    Int: 19    God:    Vehumet [......]
Gold:   473        SH:  0    Dex: 12    Spells: 21/31 levels left

rFire   + . .        t - +4 short sword "Uteaq" {holy, Str+2 Dex-4 SInv}
rCold   . . .        (no shield)
rNeg    . . .        n - +1 robe "Caifuddeff" {rPois rF+}
rPois   +            (helmet restricted)
rElec   .            (no cloak)
rCorr   .            (no gloves)
SInv    +            (boots unavailable)
Will    .....        (no amulet)
Stlth   ++           h - +5 ring of evasion
HPRegen 0.29/turn    l - +5 ring of evasion
MPRegen 0.20/turn

%: no passive effects
@: flying quickly and evasively, slowed, very slow
A: beak, talons 3, nimble flight
a: Renounce Religion


You were on level 8 of the Dungeon.
You worshipped Vehumet.
Vehumet was noncommittal.
You visited 2 branches of the dungeon, and saw 9 of its levels.
You also visited: Sewer and Ossuary.

You collected 473 gold pieces.

Inventory:

Hand Weapons
 t - the +4 short sword "Uteaq" (weapon) {holy, Str+2 Dex-4 SInv}
   (You took it off a hobgoblin on level 4 of the Dungeon)

   Str:       It affects your strength (+2).
   Dex:       It affects your dexterity (-4).
   SInv:      It lets you see invisible.
Armour
 a - a +0 leather armour of cold resistance
 n - the +1 robe "Caifuddeff" (worn) {rPois rF+}
   (You found it on level 2 of the Dungeon)

   rF:        It protects you from fire.
   rPois:     It protects you from poison.
 F - the +3 buckler "Cuapler" {Harm Slay+2}
   (You found it on level 6 of the Dungeon)

   Slay:      It affects your accuracy & damage with ranged weapons and melee
   (+2).
   Harm:      It increases damage dealt and taken.
 Q - a +2 robe of positive energy
Jewellery
 f - a ring of positive energy
 h - a +5 ring of evasion (left hand)
 l - a +5 ring of evasion (right hand)
 v - a ring of wizardry
 x - a ring of willpower
 y - a ring of ice
Wands
 o - a wand of digging (5)
 p - a wand of polymorph (14)
 E - a wand of paralysis (20)
 I - a wand of flame (16)
Scrolls
 c - 3 scrolls of silence
 d - 2 scrolls of brand weapon
 g - 4 scrolls of fear {unknown}
 i - a scroll of butterflies {unknown}
 j - a scroll of enchant armour
 s - a scroll of teleportation
 u - a scroll of fog
 B - a scroll of amnesia
 C - 5 scrolls of revelation {unknown}
 G - a scroll of vulnerability
 J - a scroll of enchant weapon
 K - a scroll of torment
 L - a scroll of noise {unknown}
 M - 2 scrolls of blinking {unknown}
 N - a scroll of immolation {unknown}
Potions
 b - 2 potions of magic
 e - 8 potions of heal wounds
 k - 2 potions of attraction {unknown}
 m - 3 potions of brilliance {unknown}
 q - 3 potions of invisibility {unknown}
 r - 3 potions of resistance {unknown}
 w - a potion of might {unknown}
 z - a potion of ambrosia {unknown}
 A - 4 potions of mutation {unknown}
 D - 2 potions of haste {unknown}
 H - 3 potions of lignification {unknown}
 O - a potion of degeneration {unknown}
 P - a potion of curing


   Skills:
 + Level 2.7 Fighting
 + Level 4.1 Dodging
 - Level 2.0 Stealth
 + Level 10.5 Spellcasting
 + Level 8.5 Conjurations
 + Level 12.8 Air Magic


You had 21 spell levels left.
You knew the following spells:

 Your Spells              Type           Power      Damage    Failure   Level
a - Shock                 Conj/Air       100%       1d9       1%          1
b - Static Discharge      Conj/Air       100%       2-7/arc   1%          2
c - Swiftness             Air            56%        N/A       1%          3
d - Airstrike             Air            28%        2d(4-20)  1%          4

Your spell library contained the following spells:

 Spells                   Type           Power      Damage    Failure   Level
 Beastly Appendage        Tmut           20%        N/A       7%          1
 Ensorcelled Hibernation  Hex/Ice        20%        N/A       11%         2
 Passwall                 Tmut/Erth      8%         N/A       11%         2
 Wereblood                Tmut           10%        N/A       11%         2
 Gell's Gravitas          Tloc           10%        N/A       22%         3
 Spider Form              Tmut/Pois      10%        N/A       22%         3
 Teleport Other           Tloc           10%        N/A       22%         3
 Animate Dead             Necr           10%        N/A       56%         4
 Dispersal                Tloc           5%         N/A       100%        6
 Haunt                    Necr/Summ      5%         N/A       100%        7
 Infestation              Necr           5%         N/A       100%        8


Dungeon Overview and Level Annotations

Branches:
Dungeon (8/15)             Temple (1/1) D:4            Lair (0/5) D:8
  Sewer (visited)         Ossuary (visited)

Altars:
Ashenzari
Cheibriados
Dithmenos
Elyvilon
Fedhas
Gozag
Hepliaklqana
Kikubaaqudgha
Makhleb
Nemelex Xobeh
Okawaru
Qazlal
Ru
Sif Muna
Trog
Uskayaw
Vehumet
Wu Jian
Xom
Yredelemnul
Zin
The Shining One

Annotations:
D:8 Gastronok


Innate Abilities, Weirdness & Mutations

You have a beak for a mouth.
You have claws for feet.
Your magical nature lets you fly swiftly and evasively.


Message History

The zap hits Gastronok.
Gastronok is heavily wounded.
The zap hits Gastronok.
Gastronok is heavily wounded.
The zap hits Gastronok but does no damage.
Gastronok is heavily wounded.
Gastronok waves his eye-stalks in wide circles.
The air twists around and strikes you!!
Ouch! That really hurt!
You are too injured to fight recklessly!
Unknown command.
Gastronok chants a spell, wobbling all the while.
You hit Gastronok. You claw Gastronok, but do no damage.
You peck Gastronok, but do no damage.
Gastronok is heavily wounded.
The rat bites you. Gastronok bites you but does no damage.
You hit Gastronok.
Gastronok is heavily wounded.
The rat misses you.
Gastronok waves his eye-stalks in wide circles.
The air twists around and strikes you!
* * * LOW HITPOINT WARNING * * *
The rat completely misses you.
You hit Gastronok but do no damage.
Gastronok is heavily wounded.
The rat completely misses you.
You hit Gastronok. You claw Gastronok, but do no damage.
You peck Gastronok, but do no damage.
Gastronok is heavily wounded.
The rat completely misses you. Gastronok completely misses you.
The rat bites you.
* * * LOW HITPOINT WARNING * * *
You hit Gastronok. You claw Gastronok.
Gastronok is heavily wounded.
The rat barely misses you. Gastronok completely misses you.
You hit Gastronok but do no damage. You peck Gastronok.
Gastronok is heavily wounded.
The rat closely misses you. Gastronok bites you!!!
Ouch! That really hurt!
You die...

##### ##...#########
###########..>..##......
#...rrw@r........#.####.
#.########.........####.
#.# #####.......#.##...
#######.#
#.............##...
#.w.....#
#.#####...###......
#.####### #.# ##.##
####... #.# #.# #.# #...
#.# #.# #.# ###( ####.#
#.# #.# #.


You could see Gastronok (swift) and 3 rats.

Vanquished Creatures
  A two-headed ogre (D:8)
  Maggie (D:8)
  Psyche (D:8)
  A komodo dragon (D:8)
  Prince Ribbit (D:5)
  Sigmund (D:4)
  Eustachio (D:4)
  A steam dragon (D:8)
  9 yaks (D:8)
  Menkaure (D:4)
  2 orc warriors
  Pargi (Sewer)
  2 sky beasts
  An ice beast (D:5)
  A black bear (D:6)
  An ogre (D:5)
  A phantom (D:6)
  2 kobold brigands
  Blork the orc (D:6)
  An elf zombie (Ossuary)
  A bullfrog (D:8)
  A gnoll sergeant (D:6)
  3 scorpions
  5 wights (D:7)
  3 killer bees (D:8)
  A troll zombie (Ossuary)
  2 howler monkeys
  2 centaur zombies (Ossuary)
  4 hounds
  A human zombie (Ossuary)
  6 orc priests
  A gnoll bouda (D:6)
  Jessica (D:3)
  Natasha (thrice) (D:4)
  2 sleepcaps
  5 iguanas
  10 orc wizards
  Ijyb (D:3)
  2 ogre zombies (Ossuary)
  7 mummies (Ossuary)
  9 adders
  13 gnolls
  A river rat (D:6)
  A shadow imp (D:7)
  4 white imps
  3 ufetubi
  6 adder zombies (Ossuary)
  2 worms
  3 dart slugs
  30 orcs
  6 bats
  5 endoplasms
  5 giant cockroaches
  A gnoll zombie (Ossuary)
  8 hobgoblins
  3 jackals (D:2)
  4 quokkas
  6 ball pythons
  7 frilled lizards
  11 goblins
  A goblin zombie (Ossuary)
  3 hobgoblin zombies (Ossuary)
  29 kobolds
  5 kobold zombies (Ossuary)
  An orc zombie (Ossuary)
  2 quokka zombies (Ossuary)
  6 rats
  4 rat zombies (Ossuary)
271 creatures vanquished.

Vanquished Creatures (others)
  An orc (D:8)
1 creature vanquished.

Grand Total: 272 creatures vanquished

Notes
Turn   | Place    | Note
-------+----------+-------------------------------------------
     0 | D:1      | Dawnplanks the Tengu Air Elementalist began the quest for
                  | the Orb.
     0 | D:1      | Reached XP level 1. HP: 10/10 MP: 4/4
   164 | D:1      | Reached XP level 2. HP: 15/15 MP: 1/6
  1095 | D:2      | Reached XP level 3. HP: 19/19 MP: 1/7
  1518 | D:2      | Found an ornate altar of the Wu Jian Council.
  1723 | D:2      | Identified the +1 robe "Caifuddeff" {rPois rF+}
  1959 | D:2      | You fall into a shaft and drop 2 floors!
  2003 | D:4      | Reached XP level 4. HP: 24/24 MP: 6/9
  2016 | D:4      | Reached skill level 5 in Air Magic
  2107 | D:4      | Reached skill level 1 in Fighting
  2107 | D:4      | Gained mutation: Your magical nature lets you fly swiftly
                  | and evasively. [Tengu growth]
  2107 | D:4      | Reached XP level 5. HP: 29/29 MP: 3/11
  2510 | D:3      | Learned a level 2 spell: Static Discharge
  2514 | D:3      | Learned a level 3 spell: Swiftness
  2519 | D:3      | Learned a level 4 spell: Airstrike
  2813 | D:3      | Noticed Ijyb
  2816 | D:3      | Killed Ijyb
  3259 | D:3      | Reached XP level 6. HP: 34/34 MP: 10/12
  3455 | D:3      | Noticed Jessica
  3456 | D:3      | Killed Jessica
  3520 | D:4      | Noticed Natasha
  3523 | D:4      | Killed Natasha
  3634 | D:4      | Identified the +4 short sword "Uteaq" {holy, Str+2 Dex-4
                  | SInv}
  3686 | D:4      | Reached skill level 6 in Air Magic
  3767 | D:4      | Noticed Eustachio
  3779 | D:4      | Killed Eustachio
  3780 | D:4      | Reached XP level 7. HP: 38/38 MP: 1/14
  3907 | D:4      | Noticed Menkaure
  3909 | D:4      | Killed Menkaure
  3990 | D:4      | Found a staircase to the Ecumenical Temple.
  4005 | Temple   | Entered the Ecumenical Temple
  4308 | D:4      | Reached skill level 5 in Conjurations
  4428 | D:4      | Reached skill level 5 in Spellcasting
  4478 | D:4      | Reached skill level 7 in Air Magic
  4721 | D:4      | Noticed Sigmund
  4723 | D:4      | Killed Sigmund
  4724 | D:4      | Reached XP level 8. HP: 39/43 MP: 7/17
  4947 | D:4      | Noticed Natasha
  5098 | D:4      | Killed Natasha
  5231 | D:4      | Noticed Natasha
  5236 | D:4      | Killed Natasha
  5293 | D:5      | Entered Level 5 of the Dungeon
  5430 | D:5      | Noticed Prince Ribbit
  5454 | D:5      | Killed Prince Ribbit
  5455 | D:5      | Reached skill level 8 in Air Magic
  6540 | D:5      | Reached XP level 9. HP: 47/47 MP: 3/20
  6704 | D:6      | Reached skill level 9 in Air Magic
  6903 | D:6      | Noticed Blork the orc
  6906 | D:6      | Killed Blork the orc
  7246 | D:6      | Found a glowing drain.
  7257 | Sewer    | Entered a sewer
  7337 | Sewer    | Noticed Pargi
  7340 | Sewer    | Killed Pargi
  7665 | D:6      | Reached skill level 10 in Air Magic
  7849 | D:6      | Identified the +3 buckler "Cuapler" {Harm Slay+2}
  8301 | D:7      | Reached XP level 10. HP: 53/53 MP: 0/23
  8721 | Temple   | Became a worshipper of Ru the Awakened
  8903 | D:8      | Reached skill level 11 in Air Magic
  8964 | D:8      | Found a sand-covered staircase.
  8968 | Ossuary  | Entered an ossuary
  9831 | D:8      | Noticed Psyche
  9834 | D:8      | Killed Psyche
  9940 | D:8      | Noticed a two-headed ogre
  9947 | D:8      | Killed a two-headed ogre
  9964 | D:8      | Reached skill level 12 in Air Magic
 10168 | D:8      | Found a radiant altar of Vehumet.
 10177 | D:8      | Fell from the grace of Ru
 10177 | D:8      | Became a worshipper of Vehumet
 10180 | D:8      | Noticed Maggie
 10206 | D:8      | Killed Maggie
 10422 | D:8      | Noticed Gastronok
 10671 | D:8      | Reached skill level 10 in Spellcasting
 10781 | D:8      | Reached XP level 11. HP: 51/59 MP: 15/26
 11155 | D:8      | Found a staircase to the Lair.
 11503 | D:8      | Demolished by Gastronok

Illustrated notes

Levels and vault maps discovered:
D:1:      dpeg_arrival_concentric_ovals, layout_basic
D:2:      layout_basic, basic_altar, minmay_stone_trees_small,
          corexii_item_surrounded_by_moat
D:3:      layout_loops_corners, wander_ebering_terrifying_dragon_lair,
          uniq_jessica, uniq_ijyb
D:4:      layout_basic, minmay_temple_entry_overgrown, mrwooster_statue_mirror,
          uniq_eustachio, uniq_sigmund, uniq_natasha, uniq_menkaure
D:5:      kennysheep_kobold_camp, layout_basic, uniq_prince_ribbit1
D:6:      layout_rooms, portal_sewer_entry_e, uniq_blork_the_orc
D:7:      layout_cave_pools
D:8:      layout_loops_ring, mainiacjoe_overflow_boulevard, david_lair_shrubbed,
          enter_ossuary_5, uniq_psyche, uniq_gastronok, uniq_maggie
Temple:   mainiacjoe_temple_hex_bubbles

Skill      XL: |  1  2  3  4  5  6  7  8  9 10 |
---------------+-------------------------------+-----
Spellcasting   | 3 4 5 7 8 10 | 10.5
Air Magic      | 5 6 7 8 10 12 | 12.8
Conjurations   | 2 3 4 5 6 7 8 |  8.5
Fighting       | 1 2 |  2.7
Dodging        | 3 4 |  4.1
Stealth        | |  2.0

Action                     |  1- 3 |  4- 6 |  7- 9 | 10-12 || total
---------------------------+-------+-------+-------+-------++-------
  Melee: Unarmed           |     3 |       |       |       ||     3
         Kick              |     8 |    12 |    31 |    21 ||    72
         Peck              |     2 |     2 |    16 |     8 ||    28
         Dagger            |     3 |       |       |       ||     3
         Whip              |     8 |    26 |       |       ||    34
         Short sword       |       |     4 |   101 |    68 ||   173
         Punch             |       |       |     2 |       ||     2
   Cast: Shock             |    66 |    81 |   194 |   116 ||   457
         Airstrike         |       |     4 |    41 |    50 ||    95
         Static Discharge  |       |     3 |     2 |     3 ||     8
    Use: Scroll            |     1 |       |     5 |     3 ||     9
   Stab: Sleeping          |       |       |       |     3 ||     3
         Distracted        |       |       |       |     1 ||     1
 Armour: Robe              |     3 |     1 |     6 |     5 ||    15
  Dodge: Dodged            |    12 |    30 |   135 |   101 ||   278

Table legend: (Time is in decaauts)
 A = Elapsed time spent in this place.
 B = Non-inter-level travel time spent in this place.
 C = Inter-level travel time spent in this place.
 D = Time resting spent in this place.
 E = Time spent auto-exploring this place.
 F = Levels seen in this place.
 G = Mean time per level.
                   A        B        C        D        E       F      G
               +--------+--------+--------+--------+--------+-----+--------+
         Total |  11103 |  10592 |    511 |    558 |   8597 |  11 | 1009.4 |
       Dungeon |   9660 |   9229 |    431 |    497 |   7504 |   8 | 1207.5 |
        Temple |    285 |    205 |     80 |      0 |    200 |   1 |  285.0 |
         Sewer |    327 |    327 |      0 |     61 |    235 |   1 |  327.0 |
       Ossuary |    829 |    829 |      0 |      0 |    657 |   1 |  829.0 |
               +--------+--------+--------+--------+--------+-----+--------+

Top non-repeatable levels by time:
     D:8: 1814 daAuts
     D:4: 1620 daAuts
     D:5: 1370 daAuts
     D:3: 1215 daAuts
     D:1: 1075 daAuts
     D:2: 997 daAuts
     D:6: 975 daAuts
 Ossuary: 829 daAuts
     D:7: 590 daAuts
   Sewer: 327 daAuts
  Temple: 285 daAuts
